Map: King Sejong Station LE

Players

puCK (Nina)

  • Race: Protoss Protoss
  • League: Diamond

Elazer - Winner!

  • Race: Zerg Zerg

Event: IEM Season 11 - Shanghai

VOD

https://www.youtube.com/watch?v=LRAWXBK75bY

Description

Time

  • Played on: July 28, 2016, 6:58 a.m.
  • Length: 13:39

All games in this series

Show
View Real Time Build Order
Export as new Build Order

puCK Protoss 

Build Orders: 1 Gate Expand 

Get SALT Encoding   

  12  0:01  Probe (Chrono Boost)  
  13  0:11  Probe (Chrono Boost)  
  14  0:18  Pylon  
  14  0:23  Probe (Chrono Boost)  
  15  0:36  Probe (Chrono Boost)  
  15  0:38  Gateway  
  16  0:47  Probe (Chrono Boost)  
  16  0:49  Assimilator  
  17  0:58  Probe (Chrono Boost)  
  18  1:08  Probe (Chrono Boost)  
  19  1:19  Probe (Chrono Boost)  
  20  1:27  Nexus  
  20  1:36  Cybernetics Core  
  20  1:39  Probe (Chrono Boost)  
  21  1:46  Assimilator  
  21  1:49  Probe (Chrono Boost)  
  21  1:54  Pylon  
  22  2:00  Probe (Chrono Boost)  
  23  2:07  Warp Gate  
  23  2:08  Adept  
  23  2:13  Probe (Chrono Boost)  
  26  2:25  Twilight Council, Probe (Chrono Boost)  
  27  2:33  Stalker  
  28  2:38  Probe (Chrono Boost)  
  28  2:42  Probe (Chrono Boost)  
  31  2:50  Probe (Chrono Boost), Resonating Glaives  
  32  2:53  Probe (Chrono Boost)  
  33  3:02  Probe (Chrono Boost)  
  33  3:05  Probe (Chrono Boost)  
  35  3:09  Gateway  
  35  3:12  Gateway  
  35  3:15  Probe (Chrono Boost)  
  35  3:17  Probe (Chrono Boost)  
  37  3:20  Adept  
  37  3:26  Pylon  
  39  3:29  Probe (Chrono Boost)  
  42  3:36  Mothership Core (Chrono Boost)  
  42  3:41  Probe (Chrono Boost), Pylon  
  43  3:46  Pylon  
  43  3:53  Probe (Chrono Boost)  
  45  3:55  Probe (Chrono Boost)  
  45  4:06  Probe (Chrono Boost)  
  45  4:07  Probe (Chrono Boost)  
  47  4:10  Adept x2  
  47  4:11  Adept  
  54  4:18  Probe (Chrono Boost)  
  54  4:20  Probe (Chrono Boost), Nexus  
  55  4:24  Pylon  
  55  4:31  Adept  
  55  4:32  Adept x2  
  61  4:40  Probe (Chrono Boost)  
  61  4:42  Robotics Facility  
  62  4:49  Assimilator  
  62  4:50  Probe (Chrono Boost)  
  62  4:52  Sentry x2  
  67  4:54  Sentry, Assimilator  
  69  5:02  Probe (Chrono Boost)  
  69  5:03  Probe (Chrono Boost)  
  71  5:12  Blink  
  73  5:14  Probe (Chrono Boost)  
  73  5:15  Probe (Chrono Boost)  
  71  5:26  Probe (Chrono Boost)  
  71  5:27  Immortal  
  71  5:28  Forge  
  72  5:30  Probe (Chrono Boost)  
  77  5:37  Probe (Chrono Boost)  
  79  5:44  Probe (Chrono Boost)  
  79  5:46  Probe (Chrono Boost)  
  79  5:49  Probe (Chrono Boost)  
  81  5:52  Pylon  
  81  5:55  Pylon  
  81  5:56  Probe (Chrono Boost), Protoss Ground Weapons Level 1  
  83  5:58  Probe (Chrono Boost)  
  83  5:59  Gateway  
  83  6:00  Gateway  
  83  6:01  Immortal  
  81  6:06  Gateway  
  81  6:08  Probe (Chrono Boost)  
  81  6:11  Probe (Chrono Boost)  
  87  6:12  Probe (Chrono Boost)  
  87  6:13  Gateway  
  87  6:16  Gateway  
  88  6:22  Pylon  
  88  6:24  Probe (Chrono Boost), Adept  
  91  6:29  Stalker x2  
  91  6:31  Probe x2 (Chrono Boost)  
  96  6:34  Pylon  
  96  6:36  Probe (Chrono Boost)  
  96  6:38  Warp Prism, Pylon  
  96  6:39  Pylon  
  97  6:41  Probe (Chrono Boost)  
  97  6:46  Probe (Chrono Boost)  
  101  6:52  Pylon  
  101  6:56  Stalker x2  
  101  6:59  Stalker  
  101  7:00  Stalker  
  109  7:04  Stalker  
  111  7:10  Stalker  
  111  7:11  Stalker  
  111  7:12  Observer  
  111  7:15  Probe (Chrono Boost)  
  117  7:18  Stalker  
  117  7:21  Adept  
  121  7:23  Stalker  
  121  7:24  Stalker x2  
  127  7:35  Pylon  
  127  7:38  Assimilator x2  
  127  7:41  Stalker x2  
  127  7:42  Stalker x3  
  137  7:52  Pylon  
  137  7:56  Pylon  
  137  7:59  Adept x3  
  143  8:07  Robotics Bay  
  143  8:12  Probe (Chrono Boost)  
  144  8:13  Robotics Facility  
  140  8:23  Adept x3  
  140  8:24  Adept  
  140  8:25  Adept x2  
  149  8:29  Adept x2  
  149  8:31  Protoss Ground Weapons Level 2  
  145  8:37  Probe (Chrono Boost)  
  139  8:45  Adept x3  
  139  8:52  Probe x2 (Chrono Boost)  
  139  8:53  Probe (Chrono Boost)  
  142  8:58  Disruptor  
  142  9:04  Adept x3  
  147  9:16  Adept x5  
  141  9:33  Disruptor  
  141  9:35  Disruptor, Nexus  
  138  9:41  Adept x4  
  97  10:01  Stalker x2  
  97  10:06  Disruptor  
  100  10:10  Pylon  
  100  10:12  Pylon  
  104  10:22  Pylon  
  104  10:29  Disruptor  
  104  10:34  Adept  
  104  10:35  Adept x5  
  108  10:40  Observer  
  102  10:50  Stalker  
  102  10:51  Stalker  
  102  10:55  Assimilator  
  102  10:58  Robotics Facility  
  102  10:59  Pylon  
  100  11:05  Adept x4  
  103  11:18  Adept  
  103  11:19  Adept x3  
  109  11:30  Adept x4  
  105  11:40  Adept x3  
  105  11:44  Mothership Core (Chrono Boost)  
  105  11:45  Photon Cannon  
  113  11:49  Assimilator  
  113  11:51  Immortal  
  113  11:53  Robotics Facility  
  117  11:55  Robotics Facility  
  117  11:58  Stalker x2  
  121  12:02  Probe x2 (Chrono Boost)  
  121  12:03  Probe (Chrono Boost)  
  121  12:07  Adept  
  126  12:12  Probe (Chrono Boost)  
  126  12:13  Probe (Chrono Boost)  
  128  12:21  Probe (Chrono Boost)  
  128  12:22  Photon Cannon  
  129  12:29  Adept x3  
  135  12:30  Pylon  
  135  12:35  Adept x2  
  135  12:36  Adept  
  114  13:01  Zealot x5  
  118  13:07  Cybernetics Core  
  113  13:24  Zealot x2  
Show
View Real Time Build Order
Export as new Build Order

Elazer Zerg - Winner!

Build Orders: Hatch First, Lurkers 

Get SALT Encoding   

  12  0:00  Drone  
  13  0:12  Overlord  
  13  0:17  Drone  
  14  0:30  Drone x2  
  14  0:34  Drone  
  17  0:50  Drone  
  17  0:57  Drone  
  19  1:01  Hatchery  
  19  1:04  Extractor  
  17  1:13  Spawning Pool  
  17  1:17  Drone  
  17  1:20  Drone  
  18  1:32  Drone  
  19  1:39  Overlord  
  19  1:53  Drone  
  20  1:59  Queen  
  20  2:00  Drone  
  23  2:06  Metabolic Boost  
  23  2:12  Drone  
  23  2:13  Queen  
  26  2:16  Drone  
  27  2:31  Hatchery  
  27  2:35  Zergling x4  
  28  2:39  Zergling x2  
  28  2:41  Drone  
  30  2:46  Drone x2  
  32  2:53  Queen  
  34  2:58  Overlord  
  34  3:03  Drone  
  34  3:04  Drone  
  36  3:10  Drone  
  36  3:18  Drone x3  
  39  3:20  Drone  
  40  3:27  Overlord  
  40  3:28  Drone x3  
  43  3:36  Overlord  
  43  3:37  Drone  
  44  3:45  Queen  
  44  3:47  Drone  
  47  3:49  Drone x3  
  47  3:53  Queen  
  52  3:56  Drone x3  
  52  4:00  Lair  
  56  4:02  Drone  
  56  4:03  Drone  
  56  4:04  Drone  
  56  4:07  Overlord  
  58  4:10  Spore Crawler  
  57  4:18  Overlord  
  57  4:20  Extractor, Overlord  
  56  4:25  Queen  
  56  4:27  Overlord  
  57  4:34  Drone  
  57  4:36  Overlord  
  57  4:38  Drone  
  59  4:40  Zergling x10  
  59  4:41  Zergling x6  
  67  4:45  Overlord  
  67  4:52  Zergling x2  
  67  4:53  Zergling x6  
  70  5:01  Overlord  
  70  5:08  Zergling x4  
  70  5:10  Drone  
  70  5:11  Drone x5  
  70  5:13  Drone  
  78  5:20  Overlord  
  76  5:21  Drone  
  76  5:24  Drone  
  76  5:27  Extractor  
  77  5:29  Evolution Chamber, Drone x2, Hydralisk Den  
  77  5:30  Drone  
  77  5:31  Drone  
  77  5:33  Drone  
  80  5:39  Extractor  
  80  5:40  Drone x5  
  80  5:42  Extractor  
  83  5:48  Drone  
  84  5:54  Drone x2  
  84  5:55  Hatchery  
  84  5:56  Zerg Melee Weapons Level 1  
  84  5:57  Extractor, Lurker Den  
  84  5:58  Drone x3  
  84  5:59  Drone x3  
  88  6:05  Drone x2  
  88  6:09  Overlord  
  88  6:10  Drone  
  88  6:11  Drone x2  
  91  6:15  Overlord  
  89  6:26  Overlord  
  89  6:30  Hydralisk x8  
  89  6:32  Overseer  
  103  6:38  Hydralisk, Overlord  
  103  6:39  Hydralisk x2  
  109  6:42  Hydralisk  
  111  6:47  Hydralisk x3  
  117  6:55  Hydralisk, Overlord  
  117  6:56  Hydralisk x2  
  123  7:05  Overlord  
  123  7:11  Overlord  
  123  7:13  Zergling x10  
  123  7:14  Zergling x8  
  131  7:24  Lurker x2  
  131  7:25  Lurker x2  
  131  7:29  Zergling x20  
  142  7:33  Muscular Augments  
  142  7:39  Overlord  
  142  7:40  Overlord  
  142  7:41  Lurker  
  142  7:42  Lurker, Zergling x2  
  142  7:43  Zergling x14  
  152  7:48  Hydralisk, Overlord  
  152  7:50  Hydralisk x2  
  158  8:01  Zerg Missile Weapons Level 1  
  158  8:06  Zergling x20  
  158  8:07  Lurker  
  158  8:09  Lurker  
  170  8:19  Hydralisk  
  167  8:20  Hydralisk x2  
  170  8:27  Zergling x24  
  170  8:39  Overlord  
  170  8:40  Hydralisk x3  
  164  8:51  Hydralisk  
  164  8:52  Hydralisk x4  
  164  8:55  Lurker x2  
  172  9:02  Hatchery  
  172  9:06  Zergling x20  
  172  9:15  Overseer  
  171  9:29  Hydralisk x8  
  168  9:32  Zergling x12  
  170  9:39  Extractor  
  170  9:40  Extractor  
  170  9:43  Overlord  
  166  9:50  Hydralisk x7  
  162  9:53  Hydralisk x2  
  162  9:57  Overlord  
  154  10:00  Lurker  
  154  10:01  Zergling x2  
  154  10:02  Zergling x4  
  155  10:17  Zergling x28  
  161  10:30  Zergling x2  
  161  10:31  Zergling x16  
  157  10:38  Hydralisk x5  
  157  10:42  Hydralisk x2  
  142  10:49  Drone x5  
  148  10:50  Drone  
  139  10:58  Hydralisk x2  
  139  10:59  Hydralisk x2  
  141  11:08  Hydralisk x4  
  141  11:10  Hydralisk  
  141  11:11  Hydralisk  
  142  11:18  Zerg Missile Weapons Level 2  
  142  11:19  Overlord  
  142  11:21  Hydralisk x2  
  121  11:40  Hydralisk x8  
  135  11:54  Lurker x3  
  138  11:55  Lurker x2  
  138  11:56  Zergling x14  
  147  12:03  Lurker  
  147  12:05  Zergling x10  
  153  12:10  Hydralisk  
  153  12:11  Hydralisk  
  153  12:15  Overlord  
  156  12:23  Hydralisk x3  
  156  12:24  Hydralisk  
  149  12:45  Hydralisk x7  
  149  12:47  Pneumatized Carapace, Overseer  
  159  12:51  Zergling x12  
  156  13:02  Zergling x18  

Tags
 
Add a new tag
Caveats
  • Supply blocks, unpowered buildings, or Contaminate may cause inaccurate times.
  • Supply counts are checked every 10 seconds.